 Dungeon Crawl Stone Soup version 0.32-a0-607-g64ea0e4219 (webtiles) character file.

Game seed: 10038873843946779037

12270 CougarLife the Geomancer (level 11, -2/54 HPs)
             Began as a Gargoyle Earth Elementalist on Mar 4, 2024.
             Was an Elder of Vehumet.
             Slain by a warg (9 damage)
             ... on level 10 of the Dungeon.
             The game lasted 00:13:58 (10366 turns).

CougarLife the Geomancer (GrEE)                    Turns: 10366, Time: 00:13:58

Health: -2/54      AC: 18    Str: 13    XL:     11   Next: 90%
Magic:  21/25      EV: 11    Int: 25    God:    Vehumet [****..]
Gold:   380        SH:  0    Dex: 10    Spells: 26/30 levels left

rFire   + . .        j - staff of conjuration
rCold   . . .        (no shield)
rNeg    + . .        u - +3 leather armour {rF+}
rPois   ∞            p - +0 helmet {SInv}
rElec   +            (no cloak)
rCorr   .            (no gloves)
SInv    +            I - +2 pair of boots {rampage}
Will    +....        e - amulet of magic regeneration
Stlth   ++           o - +6 ring of intelligence
HPRegen 0.29/turn    D - ring of willpower
MPRegen 0.59/turn

%: rampage
@: no status effects
A: sickness immunity, AC +8, negative energy resistance 1, electricity
resistance, torment resistance 1, petrification resistance
a: Renounce Religion


You were on level 10 of the Dungeon.
You worshipped Vehumet.
Vehumet was greatly pleased with you.
You visited 2 branches of the dungeon, and saw 13 of its levels.
You also visited: Sewer and Bailey.

You collected 710 gold pieces.
You spent 330 gold pieces at shops.

Inventory:

Missiles
 H - a throwing net
Armour
 p - a +0 helmet of see invisible (worn)
 u - a +3 leather armour of fire resistance (worn)
 v - a +3 leather armour of cold resistance
 I - a +2 pair of boots of rampaging (worn)
Magical Staves
 j - a staff of conjuration (weapon)
Jewellery
 e - an amulet of magic regeneration (around neck)
 o - a +6 ring of intelligence (left hand)
 A - a ring of positive energy
 D - a ring of willpower (right hand)
 F - a ring of protection from fire
 K - a ring of magical power
Wands
 g - a wand of polymorph (4)
 r - a wand of charming (20)
 L - a wand of roots (4)
 M - a wand of mindburst (7)
Scrolls
 d - 6 scrolls of teleportation
 h - 3 scrolls of identify
 k - 3 scrolls of blinking
 n - a scroll of fog {unknown}
 w - 2 scrolls of immolation {unknown}
 y - 3 scrolls of amnesia {unknown}
 C - a scroll of torment {unknown}
 E - 2 scrolls of enchant weapon {unknown}
 G - a scroll of poison {unknown}
Potions
 a - a potion of cancellation {unknown}
 b - a potion of magic
 c - 3 potions of attraction
 f - a potion of haste {unknown}
 i - 2 potions of ambrosia
 l - 2 potions of heal wounds
 m - a potion of experience {unknown}
 q - a potion of lignification {unknown}
 s - a potion of brilliance {unknown}
 t - 2 potions of degeneration {unknown}
 x - a potion of invisibility {unknown}
 z - 4 potions of curing
 B - a potion of berserk rage {unknown}
 J - a potion of mutation {unknown}


   Skills:
 - Level 1.5 Dodging
 - Level 2.1 Stealth
 + Level 10.3 Spellcasting
 + Level 11.7 Conjurations
 + Level 13.3 Earth Magic


You had 26 spell levels left.
You knew the following spells:

 Your Spells              Type           Power      Damage    Failure   Level
a - Sandblast             Erth           100%       2d20      1%          1
b - Stone Arrow           Conj/Erth      100%       3d13      1%          3

Your spell library contained the following spells:

 Spells                   Type           Power      Damage    Failure   Level
 Ignite Poison            Fire/Alch      12%        N/A       16%         4
 Passwall                 Erth           68%        N/A       1%          3
 Brom's Barrelling Bould  Conj/Erth      85%        2d10      1%          4
 Petrify                  Alch/Erth      46%        N/A       4%          4
 Irradiate                Conj/Alch      29%        3d21      4%          5
 Inner Flame              Hex/Fire       12%        N/A       5%          3
 Summon Small Mammal      Summ           48%        N/A       6%          1
 Call Canine Familiar     Summ           12%        N/A       19%         3
 Animate Dead             Necr           12%        N/A       52%         4
 Summon Blazeheart Golem  Fire/Summ      12%        N/A       52%         4
 Haunt                    Necr/Summ      6%         N/A       100%        7
 Ignition                 Fire           6%         3d4       100%        8
 Infestation              Necr           6%         N/A       100%        8


Dungeon Overview and Level Annotations

Branches:
Dungeon (12/15)            Temple (1/1) D:4             Orc (0/2) D:9
  Sewer (visited)          Bailey (visited)
   Lair: D:8-11

Altars:
Ashenzari
Cheibriados
Dithmenos
Elyvilon
Fedhas
Gozag
Hepliaklqana
Kikubaaqudgha
Makhleb
Nemelex Xobeh
Okawaru
Qazlal
Ru
Sif Muna
Trog
Uskayaw
Vehumet
Wu Jian
Xom
Yredelemnul
Zin
The Shining One

Shops:
D:3 =   D:6 (   D:9 =


Innate Abilities, Weirdness & Mutations

You are immune to sickness and miasma.
Your stone body is resilient. (AC +8)
You are immune to poison.
You resist negative energy. (rN+)
You are resistant to electric shocks. (rElec)
You are resistant to unholy torment.
You are immune to petrification.


Message History

The blast of sand hits the killer bee!!
You kill the killer bee!
Vehumet accepts your kill.
You feel your power returning. The warg bites you but does no damage.
The warg bites you!
The blast of sand hits the warg but does no damage.
The warg bites you!
The orc wizard hits you but does no damage.
The warg bites you. The orc wizard misses you.
Casting: Sandblast (safe; 1% risk of failure)
Confirm with . or Enter, or press ? or * to list all spells.
Aiming: Stone Arrow (safe; 1% risk of failure)
Press: ? - help, Shift-Dir - straight line, f/p - warg
Aim: a warg (72% to hit)
Okay, then.
The warg barely misses you. x2
The orc wizard points at you and mumbles some strange words.
The puff of flame hits you but does no damage.
You climb upwards.
There is a stone staircase leading down here.
Casting: Stone Arrow (safe; 1% risk of failure)
Confirm with . or Enter, or press ? or * to list all spells.
Aiming: Stone Arrow (safe; 1% risk of failure)
Press: ? - help, Shift-Dir - straight line, f - orc wizard
Aim: an orc wizard, wielding a +0 dagger and wearing a +0 robe (72% to hit)
You feel a surge of power!
The stone arrow hits the orc wizard!
You kill the orc wizard!
Vehumet accepts your kill.
Vehumet is now extending the range of your destructive spells.
You feel your power returning. The warg bites you!
* * * LOW HITPOINT WARNING * * *
Casting: Stone Arrow (safe; 1% risk of failure)
Confirm with . or Enter, or press ? or * to list all spells.
Aiming: Stone Arrow (safe; 1% risk of failure)
Press: ? - help, Shift-Dir - straight line, f - warg
Aim: a warg (72% to hit)
You feel a surge of power!
The stone arrow hits the warg!!
The warg is severely wounded.
The warg barely misses you. The warg bites you!
You die...

#######.######.### #.######.###
##### #.###..#.### ....#
########## #.###..#.### ....#
#........####.#....#.### ....#
#........'....#.#.##.### ....#
#........######......###
....######........######.########
....'....'.....)@.'......#
....######.....h..######## #####
#........# ####'##'## #.##.#
#.##.# #.##.# #.##.# #†##.#


You could see a warg.

Vanquished Creatures
  A centaur warrior (D:11)
  A two-headed ogre (D:10)
  An obsidian statue (D:9)
  An ice statue (D:9)
  A gargoyle (D:12)
  Psyche (D:9)
  2 trolls
  Grinder (D:5)
  3 wraiths
  24 yaks
  A wyvern (D:9)
  Eustachio (D:5)
  Edmund (D:4)
  Menkaure (D:6)
  2 water moccasins
  Pargi (Sewer)
  7 orc warriors
  2 black bears
  3 sky beasts
  2 ogres
  A phantom (D:5)
  3 centaurs
  A brain worm (Sewer)
  4 gnoll sergeants
  7 scorpions
  4 wights (D:9)
  12 killer bees
  4 howler monkeys
  3 bombardier beetles
  2 hounds (D:6)
  2 jellies
  8 orc priests
  Terence (D:3)
  7 orc wizards
  3 sleepcaps
  4 iguanas
  Robin (D:4)
  18 gnolls
  9 adders
  2 white imps
  4 dart slugs
  3 ribbon worms (D:3)
  42 orcs
  10 ball pythons
  5 endoplasms
  4 giant cockroaches
  11 goblins
  6 hobgoblins
  3 quokkas
  6 bats
  3 frilled lizards (Sewer)
  4 kobolds
  6 rats
260 creatures vanquished.

Notes
Turn   | Place    | Note
-------+----------+-------------------------------------------
     0 | D:1      | CougarLife the Gargoyle Earth Elementalist began the quest
                  | for the Orb.
     0 | D:1      | Reached XP level 1. HP: 10/10 MP: 3/3
   176 | D:1      | Reached XP level 2. HP: 15/15 MP: 3/5
   250 | D:1      | Found a faded altar of an unknown god.
   586 | D:1      | Reached skill level 4 in Earth Magic
   941 | D:2      | Reached XP level 3. HP: 19/19 MP: 1/6
  1523 | D:3      | Learned a level 3 spell: Stone Arrow
  1533 | D:3      | Reached XP level 4. HP: 24/24 MP: 1/8
  1600 | D:3      | Noticed Terence
  1601 | D:3      | Reached XP level 5. HP: 8/28 MP: 0/9
  1720 | D:3      | Killed Terence
  1721 | D:3      | Reached skill level 5 in Earth Magic
  1742 | D:3      | Found a sparkling altar of Nemelex Xobeh.
  1858 | D:3      | Found a glowing drain.
  1877 | Sewer    | Entered a sewer
  1976 | Sewer    | Noticed Pargi
  1981 | Sewer    | Killed Pargi
  1982 | Sewer    | Reached XP level 6. HP: 30/32 MP: 5/11
  2313 | D:3      | Found Hoagoebi's Jewellery Boutique.
  2463 | D:3      | Reached skill level 6 in Earth Magic
  2779 | D:3      | Reached XP level 7. HP: 36/36 MP: 11/13
  3262 | D:4      | Noticed Robin
  3284 | D:4      | Killed Robin
  3392 | D:4      | Reached skill level 5 in Conjurations
  3433 | D:4      | Noticed Edmund
  3441 | D:4      | Killed Edmund
  3600 | D:4      | Reached skill level 5 in Spellcasting
  3600 | D:4      | Reached skill level 7 in Earth Magic
  3610 | D:4      | Found a staircase to the Ecumenical Temple.
  3671 | D:4      | Reached XP level 8. HP: 37/41 MP: 12/15
  3711 | Temple   | Entered the Ecumenical Temple
  3742 | Temple   | Became a worshipper of Vehumet
  3985 | D:4      | Found a bloodstained altar of Trog.
  4159 | D:5      | Entered Level 5 of the Dungeon
  4167 | D:5      | Noticed Grinder
  4239 | D:5      | Killed Grinder
  4240 | D:5      | Reached skill level 8 in Earth Magic
  4319 | D:5      | Noticed Eustachio
  4328 | D:5      | Reached XP level 9. HP: 45/45 MP: 7/18
  4331 | D:5      | Killed Eustachio
  4355 | D:5      | Reached * piety under Vehumet
  4355 | D:5      | Offered knowledge of Shock by Vehumet.
  5111 | D:6      | Found Ycrit's Firing Range.
  5113 | D:6      | Reached skill level 9 in Earth Magic
  5424 | D:6      | Noticed Menkaure
  5430 | D:6      | Killed Menkaure
  5902 | D:7      | Reached skill level 10 in Earth Magic
  5978 | D:7      | Offered knowledge of Static Discharge by Vehumet.
  6109 | D:7      | Reached XP level 10. HP: 50/50 MP: 18/21
  6300 | D:8      | Reached ** piety under Vehumet
  7312 | D:9      | Reached skill level 11 in Earth Magic
  7377 | D:9      | Offered knowledge of Frozen Ramparts by Vehumet.
  7458 | D:9      | Found a flagged portal.
  7458 | D:9      | Noticed Psyche
  7464 | D:9      | Killed Psyche
  7465 | D:9      | Reached skill level 10 in Conjurations
  7501 | Bailey   | Entered a bailey
  7510 | Bailey   | Reached *** piety under Vehumet
  8154 | D:9      | Reached XP level 11. HP: 54/54 MP: 22/24
  8216 | D:9      | Offered knowledge of Ignite Poison by Vehumet.
  8289 | D:9      | Reached skill level 12 in Earth Magic
  8446 | D:9      | Found a staircase to the Orcish Mines.
  8520 | D:9      | You fall into a shaft and drop 3 floors!
  8541 | D:12     | Noticed a deep elf pyromancer
  8569 | D:11     | Noticed a centaur warrior
  8571 | D:10     | Entered Level 10 of the Dungeon
  9121 | D:9      | Found Bogiunt's Jewellery Shop.
  9181 | D:9      | Bought an amulet of magic regeneration for 330 gold pieces
  9262 | D:9      | Noticed an obsidian statue
  9269 | D:9      | Killed an obsidian statue
  9369 | D:10     | Noticed a two-headed ogre
  9375 | D:10     | Killed a two-headed ogre
  9376 | D:10     | Reached skill level 10 in Spellcasting
 10038 | D:10     | Reached skill level 13 in Earth Magic
 10224 | D:11     | Killed a centaur warrior
 10365 | D:10     | Reached **** piety under Vehumet
 10366 | D:10     | Slain by a warg

Illustrated notes

Levels and vault maps discovered:
D:1:      dpeg_arrival_boxes_within_box, layout_basic, basic_ecumenical_altar
D:2:      layout_rooms, reono_crystal_passage, st_stairs_4
D:3:      layout_loops_corners, mainiacjoe_overflow_alcove_2, serial_shops,
          nicolae_shop_statue_plus, portal_sewer_entry_a, uniq_terence
D:4:      layout_rooms, minmay_temple_entry_proselytizer, minmay_ruined_shrine,
          uniq_edmund, uniq_robin
D:5:      layout_basic, serial_bayou_pond_c, small_statue_intersection,
          uniq_eustachio, uniq_grinder
D:6:      minmay_angry_zag, layout_basic, nicolae_shop_firing_range,
          uniq_menkaure
D:7:      layout_cave_pools
D:8:      layout_cave_pods, grunt_ministairs_4
D:9:      minmay_separated_statues, layout_loops_ring, orc_0_dummy,
          serial_shops, nicolae_shop_gibbet_a_chance, enter_bailey_2,
          grunt_ministairs_3, uniq_psyche
D:10:     layout_basic, hangedman_decor_slide_cut
D:11:     layout_loops_ring, erik_lair_orcish_takeover, serial_glass,
          glass_columns_b, glass_columns_a, st_stairs_8,
          serial_library_hellmonk_small_alcove
D:12:     layout_loops_ring, serial_co_window_serial, co_window_corner_a,
          co_window_paths_a, co_window_paths_b, co_window_of_opportunity_a,
          co_window_paths_a, co_window_of_opportunity_a, co_window_cross_1,
          co_window_cross_3, co_window_cross_4, co_window_broadway_c,
          co_window_of_opportunity_c, co_window_2corner, glass_columns_c,
          glass_columns_a, glass_columns_b, glass_columns_a, glass_columns_c
Temple:   mainiacjoe_temple_trianglar_array

Skill      XL: |  1  2  3  4  5  6  7  8  9 10 11 |
---------------+----------------------------------+-----
Earth Magic    | 4 5 6 7 8 10 11 13 | 13.3
Conjurations   | 2 3 4 5 7 8 10 11 | 11.7
Spellcasting   | 3 4 5 6 7 9 10 | 10.3
Dodging        | |  1.5
Stealth        | |  2.1

Action                     |  1- 3 |  4- 6 |  7- 9 | 10-12 || total
---------------------------+-------+-------+-------+-------++-------
  Melee: Unarmed           |     9 |       |       |       ||     9
         Dagger            |     9 |       |       |       ||     9
         Staff             |       |    54 |    10 |     1 ||    65
   Cast: Sandblast         |    42 |    45 |   159 |   146 ||   392
         Stone Arrow       |     1 |     4 |    14 |    80 ||    99
    Use: Potion            |       |       |       |     1 ||     1
         Scroll            |       |       |       |    10 ||    10
 Armour: Robe              |    26 |    71 |    40 |       ||   137
         Leather armour    |       |       |    73 |   169 ||   242
  Dodge: Dodged            |    29 |    42 |    97 |   113 ||   281

Table legend: (Time is in decaauts)
 A = Elapsed time spent in this place.
 B = Non-inter-level travel time spent in this place.
 C = Inter-level travel time spent in this place.
 D = Time resting spent in this place.
 E = Time spent auto-exploring this place.
 F = Levels seen in this place.
 G = Mean time per level.
                   A        B        C        D        E       F      G
               +--------+--------+--------+--------+--------+-----+--------+
         Total |  10674 |  10277 |    397 |   1686 |   6355 |  15 |  711.6 |
       Dungeon |   9495 |   9157 |    338 |   1267 |   6064 |  12 |  791.2 |
        Temple |     61 |      2 |     59 |      0 |      0 |   1 |   61.0 |
         Sewer |    435 |    435 |      0 |     62 |    291 |   1 |  435.0 |
        Bailey |    681 |    681 |      0 |    357 |      0 |   1 |  681.0 |
               +--------+--------+--------+--------+--------+-----+--------+

Top non-repeatable levels by time:
     D:9: 1387 daAuts
     D:3: 1284 daAuts
    D:10: 1074 daAuts
     D:4: 1073 daAuts
     D:5: 992 daAuts
     D:8: 950 daAuts
     D:1: 897 daAuts
     D:6: 730 daAuts
  Bailey: 681 daAuts
     D:2: 602 daAuts
   Sewer: 435 daAuts
     D:7: 400 daAuts
    D:11: 64 daAuts
  Temple: 61 daAuts
    D:12: 38 daAuts
